Pittsburgh Penguins vs San Jose Sharks
Created - Sunday, December 17, 2023 at 07:16
Goals
|
| Pittsburgh Penguins |
0 |
1 |
3 |
4 |
| San Jose Sharks |
1 |
1 |
1 |
3 |
|
Shots
|
| Pittsburgh Penguins |
4 |
16 |
18 |
38 |
| San Jose Sharks |
15 |
11 |
12 |
38 |
|
1st period
1. San Jose Sharks , Adam Henrique 36 (Alex Iafallo 43) at 15:09
Penalties :
Pavel Buchnevich (PIT) for Holding (Minor) at 9:47
2nd period
2. Pittsburgh Penguins , Sam Reinhart 41 (Pavel Buchnevich 39, Phillip Danault 29) at 10:37
3. San Jose Sharks , Ryan Strome 27 (William Karlsson 50, Derek Forbort 19) at 16:22
Penalties :
Anders Lee (PIT) for Goalie Interference (Minor) at 11:10, Ryan Suter (PIT) for Hooking (Minor) at 17:41
3rd period
4. San Jose Sharks , Danton Heinen 8 (Mike Hoffman 14, Jacob Middleton 14) at 8:40
5. Pittsburgh Penguins , Tom Wilson 17 (Colton Sissons 15) at 9:13
6. Pittsburgh Penguins , Ryan Johansen 12 (Jordan Eberle 13, Anders Lee 22) at 14:23
7. Pittsburgh Penguins , Leon Draisaitl 33 (Mitchell Marner 31, Sam Reinhart 44) at 18:23 (PP)
Penalties :
Ryan Strome (SJS) for Hooking (Minor) at 6:04, Anders Lee (PIT) for High sticking (Minor) at 12:09, Anthony Deangelo (SJS) for Holding (Minor) at 17:35, Andreas Athanasiou (SJS) for Hooking (Minor) at 18:52
Goalie Stats
Akira Schmid (PIT), 35 saves from 38 shots - (0.921), W, 15-7-3, 60:00 minutes
James Reimer (SJS), 34 saves from 38 shots - (0.895), L, 7-5-0, 59:38 minutes
Players Stats for Pittsburgh Penguins
Player Name G A P +/- PIM S H SB GA TA FO MP PP MP PK MP
------------------------------------------------------------------------------------
Anders Lee 0 1 1 1 4 4 1 0 1 0 1/1 17:23 1:43 0:09
Brian Dumoulin 0 0 0 -1 0 1 1 0 0 1 0/0 20:06 1:51 3:42
Colton Sissons 0 1 1 0 0 1 2 0 0 0 4/7 12:07 0:00 3:42
Erik Gudbranson 0 0 0 1 0 1 0 0 0 1 0/0 19:35 0:00 4:21
Erik Karlsson 0 0 0 0 0 2 1 3 1 1 0/0 24:11 2:03 3:51
Gabriel Vilardi 0 0 0 0 0 3 2 0 0 0 0/0 8:51 0:00 0:26
J.J. Moser 0 0 0 1 0 0 0 2 1 1 0/0 15:43 0:00 0:23
Jean-Gabriel Pageau 0 0 0 -1 0 1 2 0 0 1 8/13 16:29 1:43 3:55
Jordan Eberle 0 1 1 1 0 2 1 0 0 0 0/0 13:01 0:00 0:00
Leon Draisaitl 1 0 1 -2 0 4 1 0 0 1 3/5 19:39 2:11 3:03
Mattias Ekholm 0 0 0 -2 0 1 1 1 0 0 0/0 24:18 1:51 3:35
Mitchell Marner 0 1 1 -2 0 4 0 0 0 2 0/0 14:31 2:11 0:32
Pavel Buchnevich 0 1 1 0 2 2 0 0 1 0 0/0 16:40 2:11 1:02
Phillip Danault 0 1 1 1 0 1 3 1 2 0 10/19 18:12 0:00 3:03
Ryan Johansen 1 0 1 1 0 2 1 0 0 0 8/12 12:48 0:00 0:00
Ryan Suter 0 0 0 1 2 0 0 1 0 0 0/0 16:11 2:03 0:00
Sam Reinhart 1 1 2 1 0 6 3 0 1 0 0/1 13:55 1:43 0:00
Tom Wilson 1 0 1 0 0 3 0 0 1 0 0/0 8:20 0:00 0:00
Players Stats for San Jose Sharks
Player Name G A P +/- PIM S H SB GA TA FO MP PP MP PK MP
------------------------------------------------------------------------------------
Adam Henrique 1 0 1 0 0 3 2 1 1 0 7/17 16:33 3:58 1:54
Alex Iafallo 0 1 1 0 0 2 1 2 0 0 1/2 16:15 3:55 1:59
Andreas Athanasiou 0 0 0 0 2 1 0 0 0 1 0/0 16:51 0:05 0:00
Anthony Deangelo 0 0 0 0 2 2 1 2 0 0 0/0 21:59 3:42 1:46
Connor Murphy 0 0 0 0 0 1 0 0 0 1 0/0 14:42 0:10 0:25
Danton Heinen 1 0 1 0 0 1 1 0 0 0 0/0 10:48 0:02 0:01
Derek Forbort 0 1 1 -1 0 0 3 1 0 1 0/0 20:58 4:04 0:00
Jacob Middleton 0 1 1 1 0 4 0 1 0 0 0/0 20:31 3:52 1:43
Joel Edmundson 0 0 0 1 0 1 0 0 1 2 0/0 18:47 0:00 1:43
Michael Bunting 0 0 0 -1 0 6 1 0 0 0 0/0 10:33 0:05 0:00
Mike Hoffman 0 1 1 0 0 1 1 0 0 0 1/5 7:49 0:00 0:01
Nicholas Paul 0 0 0 0 0 0 0 0 1 1 5/13 13:30 0:00 0:00
Nikita Zadorov 0 0 0 -1 0 0 1 2 0 0 0/0 23:02 4:04 2:11
Oliver Bjorkstrand 0 0 0 0 0 3 0 1 1 0 0/1 17:10 3:56 0:00
Ryan Hartman 0 0 0 0 0 1 0 0 1 0 2/2 16:15 3:55 1:59
Ryan Strome 1 0 1 1 2 3 2 0 2 1 0/0 17:46 3:56 0:00
Travis Boyd 0 0 0 0 0 2 1 1 1 1 1/1 13:30 0:00 0:00
William Karlsson 0 1 1 0 0 7 3 0 0 0 7/17 19:04 3:56 1:54
3 Stars
1 - Sam Reinhart (PIT)
2 - Ryan Johansen (PIT)
3 - Phillip Danault (PIT)
Power Play
Pittsburgh Penguins - 1 on 3 Attempt(s) - 33.33%
San Jose Sharks - 0 on 4 Attempt(s) - 0.00%
Penalty Kill
Pittsburgh Penguins - 4 on 4 Attempt(s) - 100.00%
- Score 0 goal in Penalty Kill
San Jose Sharks - 2 on 3 Attempt(s) - 66.67%
- Score 0 goal in Penalty Kill
Team Stat
Pittsburgh Penguins - Hits : 19 - Faceoff Wins : 34 - Blocked Shots : 8 - Penalty Minutes : 8
San Jose Sharks - Hits : 17 - Faceoff Wins : 24 - Blocked Shots : 11 - Penalty Minutes : 6
Official
Referees : Tom Chmielewski and Dan O'Rourke
Linesman : Brad Lazarowich and Tim Nowak
Game Notes
No Game Note
Finance
Level 1 -- Attendance: 4932 (82.20%) -- Ticket Income $478,404
Level 2 -- Attendance: 3890 (77.80%) -- Ticket Income $221,730
Level 3 -- Attendance: 2773 (92.43%) -- Ticket Income $91,509
Level 4 -- Attendance: 4891 (97.82%) -- Ticket Income $107,602
Luxury Box -- Attendance: 870 (87.00%) -- Ticket Income $167,910
Game was played at the SAP Center at San Jose.
Total Attendance: 17356 (86.78%)
Total Ticket Income: $1,067,155
Other Income: $373,504
Total Income: $1,440,659
Pittsburgh Penguins
5 vs 5 Forward
Center Left Wing Right Wing Time % Phy DF OF
1 Jean-Gabriel Pageau Leon Draisaitl Mitchell Marner 30 1 2 2
2 Phillip Danault Pavel Buchnevich Sam Reinhart 30 1 2 2
3 Ryan Johansen Anders Lee Jordan Eberle 25 1 2 2
4 Colton Sissons Gabriel Vilardi Tom Wilson 15 1 2 2
5 vs 5 Defense
Defense Defense Time % Phy DF OF
1 Erik Karlsson Mattias Ekholm 30 1 2 2
2 Ryan Suter Brian Dumoulin 30 1 2 2
3 Erik Gudbranson J.J. Moser 30 1 2 2
4 Erik Karlsson Mattias Ekholm 10 1 2 2
PowerPlay Forward
Center Left Wing Right Wing Time % Phy DF OF
1 Leon Draisaitl Pavel Buchnevich Mitchell Marner 50 0 2 3
2 Jean-Gabriel Pageau Anders Lee Sam Reinhart 50 1 2 2
PowerPlay Defense
Defense Defense Time % Phy DF OF
1 Erik Karlsson Ryan Suter 50 1 2 2
2 Mattias Ekholm Brian Dumoulin 50 1 2 2
Penalty Kill 4 Players Forward
Center Wing Time % Phy DF OF
1 Leon Draisaitl Phillip Danault 50 1 2 2
2 Jean-Gabriel Pageau Colton Sissons 50 1 2 2
Penalty Kill 4 Players Defense
Defense Defense Time % Phy DF OF
1 Mattias Ekholm Brian Dumoulin 50 1 2 2
2 Erik Gudbranson Erik Karlsson 50 1 2 2
Penalty Kill - 3 Players Forward
Forward Time % Phy DF OF
1 Leon Draisaitl 50 1 2 2
2 Mitchell Marner 50 1 2 2
Penalty Kill - 3 Players Defense
Defense Defense Time % Phy DF OF
1 Erik Gudbranson Erik Karlsson 50 1 2 2
2 Mattias Ekholm Brian Dumoulin 50 1 2 2
4 vs 4 Forward
Center Wing Time % Phy DF OF
1 Leon Draisaitl Mitchell Marner 50 1 2 2
2 Sam Reinhart Pavel Buchnevich 50 1 2 2
4 vs 4 Defense
Defense Defense Time % Phy DF OF
1 Erik Karlsson Ryan Suter 50 1 2 2
2 Mattias Ekholm Brian Dumoulin 50 1 2 2
Last Minutes Offensive
Center Left Wing Right Wing Defense Defense
Leon Draisaitl Pavel Buchnevich Mitchell Marner Erik Karlsson Mattias Ekholm
Last Minutes Defensive
Center Left Wing Right Wing Defense Defense
Leon Draisaitl Pavel Buchnevich Mitchell Marner Erik Karlsson Mattias Ekholm
Goaltenders
Starting : Akira Schmid
Backup : Marc-Andre Fleury
Extra Forwards
Normal : Tom Wilson, Gabriel Vilardi, Phillip Danault - PP : Tom Wilson, Gabriel Vilardi - PK : Phillip Danault
Extra Defensemen
Normal : Erik Gudbranson, Brian Dumoulin, Erik Karlsson - PP : Erik Gudbranson - PK : Erik Karlsson, Mattias Ekholm
Penalty Shots
Leon Draisaitl, Mitchell Marner, Sam Reinhart, Pavel Buchnevich, Jean-Gabriel Pageau
San Jose Sharks
5 vs 5 Forward
Center Left Wing Right Wing Time % Phy DF OF
1 Adam Henrique Alex Iafallo Ryan Hartman 30 1 2 2
2 William Karlsson Oliver Bjorkstrand Ryan Strome 30 1 2 2
3 Nicholas Paul Andreas Athanasiou Travis Boyd 25 1 2 2
4 Mike Hoffman Michael Bunting Danton Heinen 15 1 2 2
5 vs 5 Defense
Defense Defense Time % Phy DF OF
1 Derek Forbort Nikita Zadorov 35 1 2 2
2 Joel Edmundson Anthony Deangelo 35 1 2 2
3 Jacob Middleton Connor Murphy 30 1 2 2
4 Derek Forbort Joel Edmundson 0 1 2 2
PowerPlay Forward
Center Left Wing Right Wing Time % Phy DF OF
1 Adam Henrique Alex Iafallo Ryan Hartman 50 1 2 2
2 William Karlsson Oliver Bjorkstrand Ryan Strome 50 1 2 2
PowerPlay Defense
Defense Defense Time % Phy DF OF
1 Derek Forbort Nikita Zadorov 50 1 2 2
2 Jacob Middleton Anthony Deangelo 50 1 2 2
Penalty Kill 4 Players Forward
Center Wing Time % Phy DF OF
1 Adam Henrique William Karlsson 50 1 2 2
2 Alex Iafallo Ryan Hartman 50 1 2 2
Penalty Kill 4 Players Defense
Defense Defense Time % Phy DF OF
1 Anthony Deangelo Nikita Zadorov 50 1 2 2
2 Jacob Middleton Joel Edmundson 50 1 2 2
Penalty Kill - 3 Players Forward
Forward Time % Phy DF OF
1 Adam Henrique 50 1 2 2
2 William Karlsson 50 1 2 2
Penalty Kill - 3 Players Defense
Defense Defense Time % Phy DF OF
1 Derek Forbort Jacob Middleton 50 1 2 2
2 Nikita Zadorov Anthony Deangelo 50 1 2 2
4 vs 4 Forward
Center Wing Time % Phy DF OF
1 Adam Henrique William Karlsson 50 1 2 2
2 Alex Iafallo Ryan Hartman 50 1 2 2
4 vs 4 Defense
Defense Defense Time % Phy DF OF
1 Nikita Zadorov Joel Edmundson 50 1 2 2
2 Anthony Deangelo Jacob Middleton 50 1 2 2
Last Minutes Offensive
Center Left Wing Right Wing Defense Defense
Adam Henrique Alex Iafallo Ryan Hartman Derek Forbort Nikita Zadorov
Last Minutes Defensive
Center Left Wing Right Wing Defense Defense
Adam Henrique Alex Iafallo Ryan Hartman Derek Forbort Nikita Zadorov
Goaltenders
Starting : James Reimer
Backup : Logan Thompson
Extra Forwards
Normal : Michael Bunting, Andreas Athanasiou, Mike Hoffman - PP : Michael Bunting, Andreas Athanasiou - PK : Mike Hoffman
Extra Defensemen
Normal : Nikita Zadorov, Jacob Middleton, Anthony Deangelo - PP : Nikita Zadorov - PK : Jacob Middleton, Nikita Zadorov
Penalty Shots
Adam Henrique, William Karlsson, Alex Iafallo, Ryan Hartman, Ryan Strome
% Time on Ice - Pittsburgh Penguins
Lines # - Real PCT - Wanted PCT - Time Play
Normal Forward
1 - 30% - 30% - 14:32
2 - 26% - 30% - 12:17
3 - 27% - 25% - 12:48
4 - 18% - 15% - 8:33
Normal Defense
1 - 31% - 30% - 15:05
2 - 31% - 30% - 14:54
3 - 31% - 30% - 15:00
4 - 7% - 10% - 3:11
PP Forward
1 - 56% - 50% - 2:11
2 - 44% - 50% - 1:43
PP Defense
1 - 53% - 50% - 2:03
2 - 47% - 50% - 1:51
PK Forward
1 - 39% - 50% - 3:04
2 - 61% - 50% - 4:52
PK Defense
1 - 50% - 50% - 3:58
2 - 50% - 50% - 3:58
PK3 Forward
1 - 0% - 50%
2 - 0% - 50%
PK3 Defense
1 - 0% - 50%
2 - 0% - 50%
44 Forward
1 - 0% - 50%
2 - 0% - 50%
44 Defense
1 - 0% - 50%
2 - 0% - 50%
Last Minute Offensive - 0:00
Last Minute Defensive - 0:00
Total
Forward - 60:00
Defense - 60:00
|
% Time on Ice - San Jose Sharks
Lines # - Real PCT - Wanted PCT - Time Play
Normal Forward
1 - 30% - 30% - 14:15
2 - 27% - 30% - 13:14
3 - 28% - 25% - 13:30
4 - 15% - 15% - 7:11
Normal Defense
1 - 35% - 35% - 16:47
2 - 36% - 35% - 17:09
3 - 29% - 30% - 14:07
4 - 0% - 0% - 0:07
PP Forward
1 - 50% - 50% - 4:00
2 - 50% - 50% - 3:56
PP Defense
1 - 51% - 50% - 4:04
2 - 49% - 50% - 3:52
PK Forward
1 - 49% - 50% - 1:55
2 - 51% - 50% - 1:59
PK Defense
1 - 56% - 50% - 2:11
2 - 44% - 50% - 1:43
PK3 Forward
1 - 0% - 50%
2 - 0% - 50%
PK3 Defense
1 - 0% - 50%
2 - 0% - 50%
44 Forward
1 - 0% - 50%
2 - 0% - 50%
44 Defense
1 - 0% - 50%
2 - 0% - 50%
Last Minute Offensive - 0:00
Last Minute Defensive - 0:00
Total
Forward - 60:00
Defense - 60:00
|
Play-by-Play
1st period
0:01 of 1st period - Jean-Gabriel Pageau wins face-off versus Adam Henrique in neutral zone.
0:16 of 1st period - Snap shot by Leon Draisaitl.
0:16 of 1st period - Stopped by James Reimer with a rebound.
0:33 of 1st period - Wrist shot by Sam Reinhart.
0:33 of 1st period - Shot Blocked by Nikita Zadorov.
0:37 of 1st period - Slapshot by Sam Reinhart.
0:37 of 1st period - Stopped by James Reimer with a rebound.
1:15 of 1st period - Snap shot by Mike Hoffman.
1:15 of 1st period - Stopped by Akira Schmid with a rebound.
1:17 of 1st period - Slapshot by Derek Forbort.
1:17 of 1st period - Shot Blocked by J.J. Moser.
1:19 of 1st period - Wrist shot by Danton Heinen.
1:19 of 1st period - Shot Misses the Net.
2:35 of 1st period - Snap shot by Anders Lee.
2:35 of 1st period - Deflect By Ryan Johansen.
2:35 of 1st period - Shot Misses the Net.
2:35 of 1st period - Puck is out of play.
2:36 of 1st period - Mike Hoffman wins face-off versus Ryan Johansen in San Jose Sharks zone.
3:01 of 1st period - Mitchell Marner is hit by William Karlsson and loses puck.
3:06 of 1st period - Snap shot by Oliver Bjorkstrand.
3:06 of 1st period - Stopped by Akira Schmid with a rebound.
3:51 of 1st period - Snap shot by Jordan Eberle.
3:51 of 1st period - Shot Misses the Net.
3:59 of 1st period - Jordan Eberle is hit by Derek Forbort and loses puck.
4:18 of 1st period - Snap shot by Michael Bunting.
4:18 of 1st period - Shot Misses the Net.
4:20 of 1st period - Slapshot by Anthony Deangelo.
4:20 of 1st period - Stopped by Akira Schmid without a rebound.
4:21 of 1st period - Phillip Danault wins face-off versus William Karlsson in Pittsburgh Penguins zone.
4:32 of 1st period - Snap shot by Oliver Bjorkstrand.
4:32 of 1st period - Shot Misses the Net.
4:34 of 1st period - Snap shot by Oliver Bjorkstrand.
4:34 of 1st period - Stopped by Akira Schmid with a rebound.
4:36 of 1st period - Backhand shot by Jacob Middleton.
4:36 of 1st period - Shot Misses the Net.
5:13 of 1st period - Wrist shot by Nicholas Paul.
5:13 of 1st period - Deflect By Andreas Athanasiou.
5:13 of 1st period - Shot Hit the Post.
5:13 of 1st period - Puck is out of play.
5:14 of 1st period - Phillip Danault wins face-off versus William Karlsson in Pittsburgh Penguins zone.
5:23 of 1st period - Derek Forbort is hit by Sam Reinhart and loses puck.
5:40 of 1st period - Alex Iafallo is hit by Jean-Gabriel Pageau and loses puck.
6:01 of 1st period - Andreas Athanasiou is hit by Ryan Johansen and loses puck.
6:42 of 1st period - Off-side.
6:43 of 1st period - Adam Henrique wins face-off versus Phillip Danault in neutral zone.
6:48 of 1st period - Snap shot by Ryan Hartman.
6:48 of 1st period - Stopped by Akira Schmid with a rebound.
6:50 of 1st period - Snap shot by Ryan Hartman.
6:50 of 1st period - Deflect By Adam Henrique.
6:50 of 1st period - Shot Misses the Net.
6:50 of 1st period - Puck is out of play.
6:51 of 1st period - Adam Henrique wins face-off versus Jean-Gabriel Pageau in Pittsburgh Penguins zone.
6:52 of 1st period - Snap shot by Alex Iafallo.
6:52 of 1st period - Stopped by Akira Schmid with a rebound.
6:57 of 1st period - Off-side.
6:58 of 1st period - Jean-Gabriel Pageau wins face-off versus Nicholas Paul in neutral zone.
7:46 of 1st period - Connor Murphy is hit by Sam Reinhart and loses puck.
7:52 of 1st period - Off-side.
7:53 of 1st period - Alex Iafallo wins face-off versus Phillip Danault in neutral zone.
8:36 of 1st period - Wrist shot by Jordan Eberle.
8:36 of 1st period - Shot Blocked by Travis Boyd.
9:13 of 1st period - Icing by Anthony Deangelo.
9:14 of 1st period - Ryan Johansen wins face-off versus Mike Hoffman in San Jose Sharks zone.
9:36 of 1st period - Snap shot by Michael Bunting.
9:36 of 1st period - Shot Misses the Net.
9:40 of 1st period - Slapshot by Mike Hoffman.
9:40 of 1st period - Shot Misses the Net.
9:42 of 1st period - Backhand shot by Joel Edmundson.
9:42 of 1st period - Stopped by Akira Schmid with a rebound.
9:47 of 1st period - Minor Penalty to Pavel Buchnevich for Holding.
9:48 of 1st period - Adam Henrique wins face-off versus Leon Draisaitl in Pittsburgh Penguins zone.
11:47 of 1st period - Penalty to Pavel Buchnevich is over, Pavel Buchnevich is back on ice.
13:03 of 1st period - Andreas Athanasiou is hit by Anders Lee and loses puck.
13:20 of 1st period - Off-side.
13:21 of 1st period - Colton Sissons wins face-off versus Mike Hoffman in neutral zone.
14:01 of 1st period - Ryan Strome is hit by Gabriel Vilardi and loses puck.
14:38 of 1st period - Ryan Suter is hit by Ryan Strome and loses puck.
14:43 of 1st period - Snap shot by William Karlsson.
14:43 of 1st period - Stopped by Akira Schmid with a rebound.
14:45 of 1st period - Snap shot by William Karlsson.
14:45 of 1st period - Stopped by Akira Schmid with a rebound.
14:51 of 1st period - Snap shot by William Karlsson.
14:51 of 1st period - Stopped by Akira Schmid with a rebound.
14:55 of 1st period - Snap shot by Ryan Strome.
14:55 of 1st period - Stopped by Akira Schmid without a rebound.
14:56 of 1st period - Adam Henrique wins face-off versus Jean-Gabriel Pageau in Pittsburgh Penguins zone.
15:09 of 1st period - Wrist shot by Adam Henrique.
15:09 of 1st period - Goal by Adam Henrique - Pittsburgh Penguins : 0 - San Jose Sharks : 1.
15:10 of 1st period - Adam Henrique wins face-off versus Phillip Danault in neutral zone.
15:23 of 1st period - Snap shot by Pavel Buchnevich.
15:23 of 1st period - Shot Blocked by Alex Iafallo.
15:25 of 1st period - Snap shot by Erik Karlsson.
15:25 of 1st period - Shot Blocked by Alex Iafallo.
15:27 of 1st period - Wrist shot by Phillip Danault.
15:27 of 1st period - Shot Hit the Post.
16:02 of 1st period - Erik Gudbranson is hit by Mike Hoffman and loses puck.
16:09 of 1st period - Wrist shot by Michael Bunting.
16:09 of 1st period - Stopped by Akira Schmid with a rebound.
16:11 of 1st period - Slapshot by Michael Bunting.
16:11 of 1st period - Stopped by Akira Schmid without a rebound.
16:12 of 1st period - Phillip Danault wins face-off versus Adam Henrique in Pittsburgh Penguins zone.
16:21 of 1st period - Slapshot by Pavel Buchnevich.
16:21 of 1st period - Shot Blocked by Anthony Deangelo.
17:06 of 1st period - Snap shot by Oliver Bjorkstrand.
17:06 of 1st period - Shot Misses the Net.
17:08 of 1st period - Slapshot by William Karlsson.
17:08 of 1st period - Shot Misses the Net.
17:10 of 1st period - Slapshot by Jacob Middleton.
17:10 of 1st period - Shot Blocked by Erik Karlsson.
17:20 of 1st period - Jacob Middleton is hit by Colton Sissons and loses puck.
18:03 of 1st period - Wrist shot by Leon Draisaitl.
18:03 of 1st period - Stopped by James Reimer with a rebound.
18:09 of 1st period - Wrist shot by Alex Iafallo.
18:09 of 1st period - Stopped by Akira Schmid with a rebound.
18:11 of 1st period - Wrist shot by Ryan Hartman.
18:11 of 1st period - Deflect By Adam Henrique.
18:11 of 1st period - Shot Misses the Net.
18:11 of 1st period - Puck is out of play.
18:12 of 1st period - Ryan Johansen wins face-off versus William Karlsson in Pittsburgh Penguins zone.
18:12 of 1st period - Ryan Johansen is hit by Nikita Zadorov.
19:46 of 1st period - Slapshot by Tom Wilson.
19:46 of 1st period - Stopped by James Reimer with a rebound.
Goals for this period are 0 for Pittsburgh Penguins vs 1 for San Jose Sharks.
Shots for this period are 4 for Pittsburgh Penguins vs 15 for San Jose Sharks.
2nd period
0:01 of 2nd period - Adam Henrique wins face-off versus Phillip Danault in neutral zone.
1:55 of 2nd period - Slapshot by Leon Draisaitl.
1:55 of 2nd period - Deflect By Jean-Gabriel Pageau.
1:55 of 2nd period - Stopped by James Reimer with a rebound.
1:57 of 2nd period - Snap shot by Ryan Suter.
1:57 of 2nd period - Shot Misses the Net.
2:17 of 2nd period - Snap shot by Anders Lee.
2:17 of 2nd period - Stopped by James Reimer without a rebound.
2:18 of 2nd period - William Karlsson wins face-off versus Sam Reinhart in San Jose Sharks zone.
2:18 of 2nd period - William Karlsson is hit by Phillip Danault.
3:07 of 2nd period - Slapshot by Anders Lee.
3:07 of 2nd period - Shot Misses the Net.
3:13 of 2nd period - Ryan Johansen is hit by Travis Boyd.
3:32 of 2nd period - J.J. Moser is hit by Michael Bunting and loses puck.
3:47 of 2nd period - Snap shot by Tom Wilson.
3:47 of 2nd period - Stopped by James Reimer with a rebound.
3:54 of 2nd period - Icing by Oliver Bjorkstrand.
3:55 of 2nd period - Jean-Gabriel Pageau wins face-off versus William Karlsson in San Jose Sharks zone.
3:56 of 2nd period - Wrist shot by Mitchell Marner.
3:56 of 2nd period - Stopped by James Reimer without a rebound.
3:57 of 2nd period - Jean-Gabriel Pageau wins face-off versus Adam Henrique in San Jose Sharks zone.
4:57 of 2nd period - Backhand shot by Anders Lee.
4:57 of 2nd period - Stopped by James Reimer with a rebound.
5:04 of 2nd period - Icing by Connor Murphy.
5:05 of 2nd period - Colton Sissons wins face-off versus Mike Hoffman in San Jose Sharks zone.
5:18 of 2nd period - Snap shot by Gabriel Vilardi.
5:18 of 2nd period - Shot Misses the Net.
5:39 of 2nd period - Off-side.
5:40 of 2nd period - Phillip Danault wins face-off versus William Karlsson in neutral zone.
5:48 of 2nd period - Derek Forbort is hit by Phillip Danault and loses puck.
6:13 of 2nd period - Off-side.
6:14 of 2nd period - Nicholas Paul wins face-off versus Jean-Gabriel Pageau in neutral zone.
6:21 of 2nd period - Wrist shot by Andreas Athanasiou.
6:21 of 2nd period - Shot Misses the Net.
6:23 of 2nd period - Slapshot by Joel Edmundson.
6:23 of 2nd period - Shot Blocked by Ryan Suter.
6:45 of 2nd period - Snap shot by Sam Reinhart.
6:45 of 2nd period - Stopped by James Reimer with a rebound.
7:07 of 2nd period - Snap shot by William Karlsson.
7:07 of 2nd period - Stopped by Akira Schmid with a rebound.
7:23 of 2nd period - Wrist shot by Gabriel Vilardi.
7:23 of 2nd period - Stopped by James Reimer with a rebound.
7:25 of 2nd period - Slapshot by Brian Dumoulin.
7:25 of 2nd period - Stopped by James Reimer with a rebound.
7:27 of 2nd period - Wrist shot by Gabriel Vilardi.
7:27 of 2nd period - Stopped by James Reimer without a rebound.
7:28 of 2nd period - Colton Sissons wins face-off versus Nicholas Paul in San Jose Sharks zone.
7:37 of 2nd period - Snap shot by Erik Karlsson.
7:37 of 2nd period - Stopped by James Reimer with a rebound.
7:39 of 2nd period - Slapshot by Mattias Ekholm.
7:39 of 2nd period - Deflect By Nicholas Paul.
7:39 of 2nd period - Stopped by James Reimer without a rebound.
7:40 of 2nd period - Ryan Hartman wins face-off versus Jean-Gabriel Pageau in San Jose Sharks zone.
8:36 of 2nd period - Snap shot by Gabriel Vilardi.
8:36 of 2nd period - Stopped by James Reimer without a rebound.
8:37 of 2nd period - Jean-Gabriel Pageau wins face-off versus Nicholas Paul in San Jose Sharks zone.
9:33 of 2nd period - Snap shot by Jordan Eberle.
9:33 of 2nd period - Stopped by James Reimer without a rebound.
9:34 of 2nd period - Jean-Gabriel Pageau wins face-off versus Nicholas Paul in San Jose Sharks zone.
10:01 of 2nd period - Mattias Ekholm is hit by Ryan Strome and loses puck.
10:13 of 2nd period - Slapshot by Nikita Zadorov.
10:13 of 2nd period - Shot Misses the Net.
10:37 of 2nd period - Snap shot by Sam Reinhart.
10:37 of 2nd period - Goal by Sam Reinhart - Pittsburgh Penguins : 1 - San Jose Sharks : 1.
10:38 of 2nd period - William Karlsson wins face-off versus Jean-Gabriel Pageau in neutral zone.
10:53 of 2nd period - Snap shot by Oliver Bjorkstrand.
10:53 of 2nd period - Stopped by Akira Schmid without a rebound.
10:54 of 2nd period - Nicholas Paul wins face-off versus Phillip Danault in Pittsburgh Penguins zone.
11:07 of 2nd period - Slapshot by Nicholas Paul.
11:07 of 2nd period - Deflect By Andreas Athanasiou.
11:07 of 2nd period - Stopped by Akira Schmid without a rebound.
11:08 of 2nd period - Ryan Johansen wins face-off versus Adam Henrique in Pittsburgh Penguins zone.
11:10 of 2nd period - Minor Penalty to Anders Lee for Goalie Interference.
11:11 of 2nd period - Jean-Gabriel Pageau wins face-off versus Oliver Bjorkstrand in Pittsburgh Penguins zone.
11:21 of 2nd period - Wrist shot by William Karlsson.
11:21 of 2nd period - Stopped by Akira Schmid with a rebound.
12:06 of 2nd period - Colton Sissons is hit by Adam Henrique and loses puck.
13:10 of 2nd period - Penalty to Anders Lee is over, Anders Lee is back on ice.
13:40 of 2nd period - Leon Draisaitl is hit by Danton Heinen and loses puck.
14:04 of 2nd period - Wrist shot by Anders Lee.
14:04 of 2nd period - Stopped by James Reimer with a rebound.
15:05 of 2nd period - Slapshot by Leon Draisaitl.
15:05 of 2nd period - Shot Misses the Net.
15:29 of 2nd period - Connor Murphy is hit by Leon Draisaitl and loses puck.
15:50 of 2nd period - Wrist shot by Michael Bunting.
15:50 of 2nd period - Stopped by Akira Schmid with a rebound.
15:52 of 2nd period - Slapshot by Connor Murphy.
15:52 of 2nd period - Stopped by Akira Schmid with a rebound.
15:54 of 2nd period - Snap shot by Michael Bunting.
15:54 of 2nd period - Stopped by Akira Schmid with a rebound.
15:56 of 2nd period - Wrist shot by Danton Heinen.
15:56 of 2nd period - Shot Misses the Net.
15:58 of 2nd period - Slapshot by Jacob Middleton.
15:58 of 2nd period - Stopped by Akira Schmid with a rebound.
16:00 of 2nd period - Snap shot by Danton Heinen.
16:00 of 2nd period - Shot Blocked by J.J. Moser.
16:02 of 2nd period - Snap shot by Jacob Middleton.
16:02 of 2nd period - Stopped by Akira Schmid with a rebound.
16:04 of 2nd period - Wrist shot by Jacob Middleton.
16:04 of 2nd period - Shot Misses the Net.
16:06 of 2nd period - Slapshot by Jacob Middleton.
16:06 of 2nd period - Deflect By Leon Draisaitl.
16:06 of 2nd period - Stopped by Akira Schmid without a rebound.
16:07 of 2nd period - William Karlsson wins face-off versus Colton Sissons in Pittsburgh Penguins zone.
16:12 of 2nd period - Snap shot by William Karlsson.
16:12 of 2nd period - Shot Misses the Net.
16:14 of 2nd period - Slapshot by Derek Forbort.
16:14 of 2nd period - Shot Misses the Net.
16:16 of 2nd period - Wrist shot by William Karlsson.
16:16 of 2nd period - Shot Blocked by Mattias Ekholm.
16:18 of 2nd period - Slapshot by Derek Forbort.
16:18 of 2nd period - Shot Blocked by Erik Karlsson.
16:20 of 2nd period - Slapshot by William Karlsson.
16:20 of 2nd period - Shot Blocked by Erik Karlsson.
16:22 of 2nd period - Backhand shot by Ryan Strome.
16:22 of 2nd period - Goal by Ryan Strome - Pittsburgh Penguins : 1 - San Jose Sharks : 2.
16:23 of 2nd period - William Karlsson wins face-off versus Colton Sissons in neutral zone.
17:23 of 2nd period - Snap shot by Pavel Buchnevich.
17:23 of 2nd period - Stopped by James Reimer with a rebound.
17:41 of 2nd period - Minor Penalty to Ryan Suter for Hooking.
17:42 of 2nd period - Jean-Gabriel Pageau wins face-off versus Adam Henrique in Pittsburgh Penguins zone.
17:53 of 2nd period - Erik Karlsson is hit by Adam Henrique and loses puck.
18:32 of 2nd period - Mattias Ekholm is hit by Alex Iafallo and loses puck.
19:38 of 2nd period - Ryan Strome is hit by Colton Sissons and loses puck.
19:41 of 2nd period - Penalty to Ryan Suter is over, Ryan Suter is back on ice.
19:51 of 2nd period - Ryan Johansen is hit by Anthony Deangelo and loses puck.
Goals for this period are 1 for Pittsburgh Penguins vs 1 for San Jose Sharks.
Shots for this period are 16 for Pittsburgh Penguins vs 11 for San Jose Sharks.
3rd period
0:01 of 3rd period - Phillip Danault wins face-off versus Nicholas Paul in neutral zone.
0:10 of 3rd period - Snap shot by Sam Reinhart.
0:10 of 3rd period - Stopped by James Reimer without a rebound.
0:11 of 3rd period - Nicholas Paul wins face-off versus Phillip Danault in San Jose Sharks zone.
0:24 of 3rd period - Slapshot by Travis Boyd.
0:24 of 3rd period - Stopped by Akira Schmid without a rebound.
0:25 of 3rd period - Phillip Danault wins face-off versus William Karlsson in Pittsburgh Penguins zone.
0:25 of 3rd period - Phillip Danault is hit by Derek Forbort.
0:33 of 3rd period - Ryan Strome is hit by Sam Reinhart and loses puck.
0:50 of 3rd period - Derek Forbort is hit by Jordan Eberle and loses puck.
1:01 of 3rd period - Wrist shot by Jordan Eberle.
1:01 of 3rd period - Stopped by James Reimer with a rebound.
1:32 of 3rd period - Slapshot by Erik Karlsson.
1:32 of 3rd period - Shot Blocked by Adam Henrique.
1:34 of 3rd period - Snap shot by Colton Sissons.
1:34 of 3rd period - Stopped by James Reimer without a rebound.
1:35 of 3rd period - Colton Sissons wins face-off versus Adam Henrique in San Jose Sharks zone.
1:46 of 3rd period - Slapshot by Erik Karlsson.
1:46 of 3rd period - Stopped by James Reimer without a rebound.
1:47 of 3rd period - Phillip Danault wins face-off versus William Karlsson in San Jose Sharks zone.
1:54 of 3rd period - Snap shot by Pavel Buchnevich.
1:54 of 3rd period - Shot Blocked by Anthony Deangelo.
2:35 of 3rd period - Wrist shot by Andreas Athanasiou.
2:35 of 3rd period - Shot Misses the Net.
2:45 of 3rd period - Slapshot by Michael Bunting.
2:45 of 3rd period - Stopped by Akira Schmid with a rebound.
3:21 of 3rd period - Slapshot by Pavel Buchnevich.
3:21 of 3rd period - Stopped by James Reimer with a rebound.
3:23 of 3rd period - Snap shot by Phillip Danault.
3:23 of 3rd period - Deflect By Sam Reinhart.
3:23 of 3rd period - Stopped by James Reimer with a rebound.
3:25 of 3rd period - Wrist shot by Sam Reinhart.
3:25 of 3rd period - Shot Misses the Net.
3:27 of 3rd period - Slapshot by J.J. Moser.
3:27 of 3rd period - Shot Blocked by Oliver Bjorkstrand.
4:02 of 3rd period - Icing by Colton Sissons.
4:03 of 3rd period - William Karlsson wins face-off versus Colton Sissons in Pittsburgh Penguins zone.
4:19 of 3rd period - Off-side.
4:20 of 3rd period - Phillip Danault wins face-off versus Nicholas Paul in neutral zone.
4:47 of 3rd period - Mattias Ekholm is hit by William Karlsson and loses puck.
5:11 of 3rd period - Snap shot by Leon Draisaitl.
5:11 of 3rd period - Shot Misses the Net.
5:13 of 3rd period - Slapshot by Leon Draisaitl.
5:13 of 3rd period - Stopped by James Reimer with a rebound.
5:15 of 3rd period - Wrist shot by Jean-Gabriel Pageau.
5:15 of 3rd period - Deflect By Mitchell Marner.
5:15 of 3rd period - Shot Blocked by Jacob Middleton.
5:15 of 3rd period - Puck is out of play.
5:16 of 3rd period - William Karlsson wins face-off versus Phillip Danault in San Jose Sharks zone.
5:27 of 3rd period - Wrist shot by Ryan Strome.
5:27 of 3rd period - Shot Blocked by Phillip Danault.
5:29 of 3rd period - Slapshot by Jacob Middleton.
5:29 of 3rd period - Stopped by Akira Schmid with a rebound.
5:45 of 3rd period - Slapshot by Mitchell Marner.
5:45 of 3rd period - Stopped by James Reimer without a rebound.
5:46 of 3rd period - Leon Draisaitl wins face-off versus William Karlsson in San Jose Sharks zone.
6:04 of 3rd period - Minor Penalty to Ryan Strome for Hooking.
6:05 of 3rd period - Leon Draisaitl wins face-off versus Adam Henrique in San Jose Sharks zone.
7:35 of 3rd period - Ryan Hartman is hit by Brian Dumoulin and loses puck.
8:04 of 3rd period - Penalty to Ryan Strome is over, Ryan Strome is back on ice.
8:09 of 3rd period - Jacob Middleton is hit by Mattias Ekholm and loses puck.
8:32 of 3rd period - Snap shot by Mitchell Marner.
8:32 of 3rd period - Stopped by James Reimer with a rebound.
8:40 of 3rd period - Snap shot by Danton Heinen.
8:40 of 3rd period - Goal by Danton Heinen - Pittsburgh Penguins : 1 - San Jose Sharks : 3.
8:41 of 3rd period - Travis Boyd wins face-off versus Ryan Johansen in neutral zone.
8:48 of 3rd period - Wrist shot by Ryan Johansen.
8:48 of 3rd period - Shot Misses the Net.
9:06 of 3rd period - Derek Forbort is hit by Gabriel Vilardi and loses puck.
9:13 of 3rd period - Wrist shot by Tom Wilson.
9:13 of 3rd period - Goal by Tom Wilson - Pittsburgh Penguins : 2 - San Jose Sharks : 3.
9:14 of 3rd period - Ryan Johansen wins face-off versus Nicholas Paul in neutral zone.
9:29 of 3rd period - Slapshot by Jordan Eberle.
9:29 of 3rd period - Deflect By Ryan Johansen.
9:29 of 3rd period - Shot Misses the Net.
9:29 of 3rd period - Puck is out of play.
9:30 of 3rd period - William Karlsson wins face-off versus Phillip Danault in San Jose Sharks zone.
9:37 of 3rd period - Slapshot by Ryan Strome.
9:37 of 3rd period - Stopped by Akira Schmid with a rebound.
9:39 of 3rd period - Snap shot by Anthony Deangelo.
9:39 of 3rd period - Stopped by Akira Schmid with a rebound.
10:22 of 3rd period - Snap shot by Mitchell Marner.
10:22 of 3rd period - Stopped by James Reimer without a rebound.
10:23 of 3rd period - Phillip Danault wins face-off versus William Karlsson in San Jose Sharks zone.
10:32 of 3rd period - Snap shot by Sam Reinhart.
10:32 of 3rd period - Stopped by James Reimer with a rebound.
10:34 of 3rd period - Snap shot by Phillip Danault.
10:34 of 3rd period - Stopped by James Reimer with a rebound.
10:36 of 3rd period - Slapshot by Ryan Suter.
10:36 of 3rd period - Shot Blocked by Derek Forbort.
10:38 of 3rd period - Slapshot by Ryan Suter.
10:38 of 3rd period - Shot Misses the Net.
10:40 of 3rd period - Slapshot by Ryan Suter.
10:40 of 3rd period - Shot Blocked by Nikita Zadorov.
10:52 of 3rd period - Icing by Travis Boyd.
10:53 of 3rd period - Ryan Johansen wins face-off versus Nicholas Paul in San Jose Sharks zone.
11:06 of 3rd period - Andreas Athanasiou is hit by Erik Karlsson and loses puck.
11:27 of 3rd period - Snap shot by Ryan Johansen.
11:27 of 3rd period - Stopped by James Reimer with a rebound.
11:34 of 3rd period - Slapshot by Connor Murphy.
11:34 of 3rd period - Shot Misses the Net.
12:09 of 3rd period - Minor Penalty to Anders Lee for High sticking.
12:10 of 3rd period - Adam Henrique wins face-off versus Leon Draisaitl in Pittsburgh Penguins zone.
12:48 of 3rd period - William Karlsson is hit by Jean-Gabriel Pageau and loses puck.
14:09 of 3rd period - Penalty to Anders Lee is over, Anders Lee is back on ice.
14:21 of 3rd period - Snap shot by Anders Lee.
14:21 of 3rd period - Stopped by James Reimer with a rebound.
14:23 of 3rd period - Snap shot by Jordan Eberle.
14:23 of 3rd period - Deflect By Ryan Johansen.
14:23 of 3rd period - Goal by Ryan Johansen - Pittsburgh Penguins : 3 - San Jose Sharks : 3.
14:24 of 3rd period - Nicholas Paul wins face-off versus Phillip Danault in neutral zone.
14:37 of 3rd period - Slapshot by Andreas Athanasiou.
14:37 of 3rd period - Deflect By Travis Boyd.
14:37 of 3rd period - Shot Misses the Net.
14:37 of 3rd period - Puck is out of play.
14:38 of 3rd period - Phillip Danault wins face-off versus William Karlsson in Pittsburgh Penguins zone.
14:38 of 3rd period - Phillip Danault is hit by William Karlsson.
15:47 of 3rd period - Andreas Athanasiou is hit by Phillip Danault and loses puck.
15:58 of 3rd period - Mattias Ekholm is hit by Derek Forbort and loses puck.
16:09 of 3rd period - Snap shot by Travis Boyd.
16:09 of 3rd period - Stopped by Akira Schmid with a rebound.
16:45 of 3rd period - Slapshot by Michael Bunting.
16:45 of 3rd period - Deflect By Mike Hoffman.
16:45 of 3rd period - Shot Hit the Post.
16:45 of 3rd period - Puck is out of play.
16:46 of 3rd period - Ryan Johansen wins face-off versus Adam Henrique in Pittsburgh Penguins zone.
16:55 of 3rd period - Wrist shot by Jordan Eberle.
16:55 of 3rd period - Shot Misses the Net.
16:57 of 3rd period - Slapshot by Erik Gudbranson.
16:57 of 3rd period - Stopped by James Reimer without a rebound.
16:58 of 3rd period - Ryan Johansen wins face-off versus Mike Hoffman in San Jose Sharks zone.
17:11 of 3rd period - Snap shot by Michael Bunting.
17:11 of 3rd period - Stopped by Akira Schmid without a rebound.
17:12 of 3rd period - Ryan Hartman wins face-off versus Ryan Johansen in Pittsburgh Penguins zone.
17:13 of 3rd period - Backhand shot by Adam Henrique.
17:13 of 3rd period - Stopped by Akira Schmid without a rebound.
17:14 of 3rd period - Ryan Johansen wins face-off versus Adam Henrique in Pittsburgh Penguins zone.
17:35 of 3rd period - Minor Penalty to Anthony Deangelo for Holding.
17:36 of 3rd period - Anders Lee wins face-off versus Alex Iafallo in San Jose Sharks zone.
17:59 of 3rd period - Slapshot by Adam Henrique.
17:59 of 3rd period - Shot Misses the Net.
18:01 of 3rd period - Snap shot by William Karlsson.
18:01 of 3rd period - Stopped by Akira Schmid with a rebound.
18:03 of 3rd period - Snap shot by Adam Henrique.
18:03 of 3rd period - Stopped by Akira Schmid with a rebound.
18:05 of 3rd period - Wrist shot by William Karlsson.
18:05 of 3rd period - Stopped by Akira Schmid with a rebound.
18:23 of 3rd period - Backhand shot by Leon Draisaitl.
18:23 of 3rd period - Goal by Leon Draisaitl - Pittsburgh Penguins : 4 - San Jose Sharks : 3.
18:24 of 3rd period - Nicholas Paul wins face-off versus Ryan Johansen in neutral zone.
18:31 of 3rd period - San Jose Sharks, James Reimer is pulled from the net.
18:52 of 3rd period - Minor Penalty to Andreas Athanasiou for Hooking.
18:53 of 3rd period - James Reimer from San Jose Sharks was sent back in the game.
18:53 of 3rd period - Leon Draisaitl wins face-off versus Adam Henrique in San Jose Sharks zone.
Goals for this period are 3 for Pittsburgh Penguins vs 1 for San Jose Sharks.
Shots for this period are 18 for Pittsburgh Penguins vs 12 for San Jose Sharks.
Back to the Top